 Dungeon Crawl Stone Soup version 0.27.1-34-g3ba077fa99 (webtiles) character file.

Game seed: 6076555836423798175

37 sankara the Ruffian (level 3, -2/31 HPs)
             Began as a Ghoul Monk on Jan 18, 2022.
             Slain by Sigmund (9 damage)
             ... on level 2 of the Dungeon.
             The game lasted 00:03:40 (1405 turns).

sankara the Ruffian (Ghoul Monk)                    Turns: 1405, Time: 00:03:41

Health: -2/31      AC:  2    Str: 13 (14) XL:     3   Next: 41%
Magic:  2/2        EV: 13    Int:  5 (6)  God:
Gold:   94         SH:  0    Dex: 17      Spells: 2/2 levels left

rFire    . . .     SeeInvis .     - Unarmed
rCold    + . .     Faith    .   (no shield)
rNeg     + + +     Spirit   .   a - +0 robe
rPois    ∞         Reflect  .   (no helmet)
rElec    .         Harm     .   (no cloak)
rCorr    .         Rampage  .   (no gloves)
Will     .....                  (no boots)
Stlth    ++........             (no amulet)
HPRegen  0.00/turn              c - +6 ring of dexterity
MPRegen  0.08/turn              (no ring)

@: inhibited regen
A: claws 1, cold resistance 1, negative energy resistance 3, inhibited
regeneration, torment resistance 2
a: no special abilities


You were on level 2 of the Dungeon.
You visited 1 branch of the dungeon, and saw 2 of its levels.

You collected 94 gold pieces.

Inventory:

Missiles
 j - 21 stones (quivered)
Armour
 a - a +0 robe (worn)
Magical Staves
 f - a staff of fire
Jewellery
 c - a +6 ring of dexterity (left claw)
Scrolls
 b - 3 scrolls of fear {unknown}
 d - a scroll of amnesia {unknown}
 g - a scroll of brand weapon {unknown}
 h - a scroll of vulnerability {unknown}
 i - a scroll of enchant armour {unknown}


   Skills:
 - Level 3.2 Fighting
 - Level 2.6 Dodging
 - Level 2.1 Stealth
 * Level 4.8 Unarmed Combat


You had 2 spell levels left.
You didn't know any spells.
Your spell library was empty.

Dungeon Overview and Level Annotations

Branches:
Dungeon (2/15)

Altars:

Shops:
D:2 [

Annotations:
D:2 Sigmund


Innate Abilities, Weirdness & Mutations

You thrive by killing the living.
You are immune to poison.
You have sharp fingernails.
Your flesh is cold resistant. (rC+)
You are immune to negative energy. (rN+++)
You do not regenerate when monsters are visible.
You are immune to unholy pain and torment.


Message History

You start resting.
Sigmund is nearby!
Sigmund is nearby!
You start resting.
Sigmund is nearby!
You aren't carrying any items that you can evoke.
Unknown command.
It was a potion of mutation.
You feel extremely strange.
Your body decomposes!
You feel weakened.
Your body decomposes!
You feel dopey.
Sigmund shouts!
Sigmund hits you with a +0 scythe.
You scratch Sigmund.
Sigmund is lightly wounded.
Sigmund closely misses you.
You claw Sigmund!
Sigmund is heavily wounded.
You barely miss Sigmund.
Sigmund is heavily wounded.
Sigmund barely misses you.
You claw Sigmund!
Sigmund is severely wounded.
You scratch Sigmund.
Sigmund is almost dead.
Sigmund mumbles some strange words.
Sigmund flickers and vanishes!
Deactivating autopickup; reactivate with Ctrl-A.
No target in view!
No target in view!
You miss something.
You hear some strange, mumbled words.
Something tries to affect you, but you resist.
You miss something. Something hits you!
You miss something. Something hits you!
* * * LOW HITPOINT WARNING * * *
You miss something. You scratch something. Something hits you!
You die...

#........[...@...
..............# #<
#.∩.#..........###.
#...#..............
#.............###
#...#.............. #
#..............
#######..............
#...@{.........†.....
#.........#####.)....
#.........# #......
#.........# #######
#.........#
#.........#
###########


There were no monsters in sight!

Vanquished Creatures
  2 dart slugs (D:1)
  3 endoplasms (D:1)
  2 giant cockroaches (D:1)
  5 goblins
  3 hobgoblins
  2 jackals (D:2)
  3 kobolds (D:1)
  A quokka (D:2)
  A ball python (D:1)
  5 bats (D:1)
  3 rats (D:1)
30 creatures vanquished.

Notes
Turn   | Place    | Note
-------+----------+-------------------------------------------
     0 | D:1      | sankara the Ghoul Monk began the quest for the Orb.
     0 | D:1      | Reached XP level 1. HP: 19/19 MP: 0/0
   270 | D:1      | Reached XP level 2. HP: 26/26 MP: 1/1
   279 | D:1      | Reached skill level 4 in Unarmed Combat
   872 | D:1      | Reached XP level 3. HP: 29/31 MP: 2/2
   999 | D:1      | Found a faded altar of an unknown god.
  1249 | D:2      | Noticed Sigmund
  1310 | D:2      | Found Estre's Armour Shop.
  1405 | D:2      | Slain by Sigmund

Illustrated notes

Levels and vault maps discovered:
D:1:      amcnicky_arrival_single_pillar, layout_basic,
          shapermc_ecumenical_altar_acropolis
D:2:      layout_basic, serial_shops, nicolae_shop_stone, shop, uniq_sigmund

Skill      XL: |  1  2 |
---------------+-------+-----
Unarmed Combat | 4 |  4.8
Fighting       | |  3.2
Dodging        | |  2.6
Stealth        | |  2.1

Action                   || total
-------------------------++-------
Melee: Unarmed           ||   111
       Punch             ||     1
  Use: Potion            ||     2
 Stab: Sleeping          ||     6
Armor: Robe              ||    10
Dodge: Dodged            ||    56
